 Dungeon Crawl Stone Soup version 0.21-a0-221-gfe971b9 (webtiles) character file.

22433 Goblin1989 the Fighter (level 12, -1/99 HPs)
             Began as a Demonspawn Monk on Aug 28, 2017.
             Was a High Priest of Okawaru.
             Slain by a fire elemental (12 damage)
             ... summoned by a deep elf mage
             ... on level 13 of the Dungeon.
             The game lasted 00:46:47 (15642 turns).

Goblin1989 the Fighter (Demonspawn Monk)           Turns: 15642, Time: 00:46:48

Health: -1/99      AC: 23    Str: 15    XL:     12   Next: 63%
Magic:  19/19      EV:  9    Int: 12    God:    Okawaru [*****.]
Gold:   656        SH: 11    Dex: 15    Spells: 3/11 levels left

rFire    . . .     SeeInvis +     - Unarmed
rCold    + . .     Gourm    .   y - +0 shield
rNeg     . . .     Faith    .   U - +0 plate armour
rPois    .         Spirit   .   K - +0 helmet
rElec    .         Reflect  .   r - +1 cloak
rCorr    .         Harm     .   (no gloves)
MR       .....     Clarity  +   S - +0 pair of boots
Stlth    ..........             f - amulet of magic regeneration
HPRegen  0.26/turn              s - ring of see invisible
MPRegen  0.41/turn              (no ring)

@: liquid flames, heroism, glowing
A: claws 2, icy blue scales 1, clarity, cold resistance 1, spiny 2, weak 1,
freezing cloud immunity
a: Heroism, Finesse, Renounce Religion


You were on level 13 of the Dungeon.
You worshipped Okawaru.
Okawaru was extremely pleased with you.
You were not hungry.

You visited 1 branch of the dungeon, and saw 13 of its levels.
You also visited: Bailey.

You collected 656 gold pieces.

Inventory:

Hand Weapons
 J - the +4 flail of Jytyrphu {drain, rF+}
   (You took it off a spriggan on level 13 of the Dungeon)

   A truly terrible weapon, it drains the life of those it strikes.
   It protects you from fire.
Missiles
 k - 320 stones (quivered)
 w - 4 curare-tipped needles
 V - 90 sling bullets
Armour
 r - a +1 cloak (worn)
 y - a +0 shield (worn)
 K - a +0 helmet (worn)
 S - a +0 pair of boots (worn)
 U - a +0 plate armour (worn)
 Z - a +0 troll leather armour
Jewellery
 f - an amulet of magic regeneration (around neck)
 s - a ring of see invisible (left claw)
Wands
 A - a wand of acid (0/15)
 X - a wand of scattershot (3/9)
Scrolls
 p - 3 scrolls of enchant armour
 u - 3 scrolls of enchant weapon
 B - 4 scrolls of blinking
 I - 3 scrolls of remove curse {@r2}
 L - a scroll of immolation
 M - 2 scrolls of magic mapping
 N - 2 scrolls of fear
 T - 6 scrolls of teleportation {!r, @r3}
Potions
 h - 3 potions of flight
 v - 2 potions of cancellation
 z - 2 potions of magic {unknown}
 C - a potion of might
 E - 8 potions of curing {@q1}
 F - a potion of berserk rage
 G - a potion of resistance
 H - a potion of brilliance
 O - 3 potions of invisibility
 W - 3 potions of haste {@q3, !q}
 Y - a potion of agility
Books
 Q - a book of Necromancy

   Spells                             Type                      Level
   a - Pain                           Necromancy                   1
   b - Animate Skeleton               Necromancy                   1
   c - Vampiric Draining              Necromancy                   3
   d - Regeneration                   Charms/Necromancy            3
   e - Animate Dead                   Necromancy                   4
   f - Control Undead                 Necromancy                   4
Comestibles
 e - 5 bread rations {@e1}
 t - 5 meat rations {@e2}
 P - 2 royal jellies
 R - 21 chunks of flesh


   Skills:
 + Level 10.8(15.8) Fighting
 - Level 5.0(10.0) Maces & Flails
 + Level 7.7(12.7) Armour
 - Level 7.0(12.0) Dodging
 - Level 1.7(6.7) Stealth
 + Level 4.3(9.3) Shields
 * Level 10.4(15.4) Unarmed Combat
 + Level 9.9 Invocations


You had 3 spell levels left.
You knew the following spells:

 Your Spells              Type           Power        Failure   Level  Hunger
b - Animate Skeleton      Necr           N/A          100%        1    ##.....
E - Animate Dead          Necr           N/A          100%        4    #####..
R - Regeneration          Chrm/Necr      #.........   100%        3    ####...


Dungeon Overview and Level Annotations

Branches:
Dungeon (13/15)            Temple (0/1) D:7            Lair (0/6) D:8
    Orc (0/2) D:9
 Vaults: D:13-14

Altars:
Ashenzari
Cheibriados
Dithmenos
Makhleb
Okawaru
Xom

Shops:
D:8 }   D:12 }

Annotations:
D:4 exclusion: Eustachio, Eustachio
D:11 Sonja


Innate Abilities, Weirdness & Mutations

You have very sharp fingernails.
You are partially covered in icy blue scales. (AC +2)
Your flesh is cold resistant. (rC+)
You are mostly covered in sharp spines.
You are immune to freezing clouds.
You possess an exceptional clarity of mind.
You are weak. (Str -2)


Message History

You block the fire elemental's attack.
You completely miss the vampire mosquito.
The vampire mosquito is almost destroyed.
The vampire mosquito is struck by your spines.
The vampire mosquito bites you but does no damage.
You block the vampire mosquito's attack.
The yak is engulfed in blazing flames.
You block the vampire mosquito's attack.
The fire elemental is struck by your spines.
The fire elemental hits you. The fire elemental burns you!
* * * LOW HITPOINT WARNING * * *
You take 8 damage, and have 14/99 hp.
Your shield and plate armour prevent you from hitting the vampire mosquito.
The vampire mosquito is severely damaged.
The vampire mosquito bites you.
* * * LOW HITPOINT WARNING * * *
The vampire mosquito draws strength from your injuries!
You block the vampire mosquito's attack.
The yak is engulfed in blazing flames.
The deep elf mage is engulfed in blazing flames.
The deep elf mage casts a spell.
The vampire mosquito is struck by your spines.
The vampire mosquito bites you.
* * * LOW HITPOINT WARNING * * *
The vampire mosquito draws strength from your injuries!
You take 6 damage, and have 8/99 hp.
You mangle the vampire mosquito!!
You destroy the vampire mosquito!
Okawaru accepts your kill.
The fire elemental disappears in a puff of smoke!
You block the vampire mosquito's attack.
The yak is engulfed in blazing flames.
The yak dies!
The deep elf mage is engulfed in blazing flames.
You block the vampire mosquito's attack.
You claw the deep elf mage!
The deep elf mage is almost dead.
You block the vampire mosquito's attack.
The deep elf mage casts a spell.
The deep elf mage blinks!
You mangle the vampire mosquito!!
You destroy the vampire mosquito!
Okawaru accepts your kill.
You block the vampire mosquito's attack.
The fire elemental is struck by your spines.
The fire elemental hits you. The fire elemental burns you!
* * * LOW HITPOINT WARNING * * *
A vampire mosquito comes into view.
You take 5 damage, and have 3/99 hp.
Really quaff
D - a potion of heal wounds {@q2, !q}?
You feel much better.
The vampire mosquito closely misses you.
The fire elemental is struck by your spines.
The fire elemental hits you. The fire elemental burns you!
* * * LOW HITPOINT WARNING * * *
You block the vampire mosquito's attack.
You regained 28 hp, and now have 31/99 hp.
You block the vampire mosquito's attack.
The deep elf mage casts a spell.
The fire elemental is struck by your spines.
The fire elemental hits you.
The vampire mosquito is struck by your spines.
The vampire mosquito bites you.
* * * LOW HITPOINT WARNING * * *
The vampire mosquito draws strength from your injuries!
You see here a vampire mosquito corpse.
You take 4 damage, and have 27/99 hp.
The vampire mosquito bites you but does no damage.
The fire elemental hits you. The fire elemental burns you!
* * * LOW HITPOINT WARNING * * *
You block the vampire mosquito's attack.
You see here a club.
You take 14 damage, and have 13/99 hp.
You barely miss the deep elf mage.
The deep elf mage is severely wounded.
You block the fire elemental's attack.
The deep elf mage hits you but does no damage.
The vampire mosquito bites you but does no damage.
The fire elemental is struck by your spines.
The fire elemental closely misses you.
You completely miss the deep elf mage.
The deep elf mage is severely wounded.
The fire elemental barely misses you.
You block the vampire mosquito's attack.
The deep elf mage casts a spell at you. The sticky flame hits you!
You are covered in liquid flames!
You block the fire elemental's attack.
A bullfrog comes into view.
Your plate armour prevents you from hitting the deep elf mage.
The deep elf mage is severely wounded.
You are covered in liquid flames!
* * * LOW HITPOINT WARNING * * *
The bullfrog gives a loud, deep croak!
You block the vampire mosquito's attack.
The fire elemental is struck by your spines.
The fire elemental barely misses you.
The fire elemental is struck by your spines.
The fire elemental hits you. The fire elemental burns you!
You die...

█......███......██
...... █.()(....█
.█..█. █%.█..█.$█
. █..██ ████..████
.. █. █..█.(█..█
... █.....†..█
....
██.)e...███.....
......███y.E..§██
......§ █.†@e§§..█
.█...█. █$E█E§█..█
█.Ψ.██ ████..█ ██
█.. ..█ ... ...
.F.. ██... ....


You could see a deep elf mage, 3 fire elementals, a vampire mosquito and a
bullfrog.

Vanquished Creatures
  3 centaur warriors (D:13)
  4 two-headed ogres
  3 unseen horrors
  An orc knight (Bailey)
  A manticore (D:11)
  2 cyclopes (D:11)
  3 centaur zombies
  Maurice (D:11)
  A gargoyle (D:11)
  3 trolls
  2 hornets
  A meliai zombie (D:12)
  5 hippogriffs
  A slime creature (D:13)
  2 shadows
  A spriggan (shapeshifter) (D:13)
  A wraith (D:12)
  2 wyverns
  15 yaks
  The ghost of Goblin1989 the Sneak, an amateur DsAs of Sif Muna (D:4)
  Grum (D:8)
  3 vampire mosquitoes (D:13)
  12 orc warriors
  3 ice beasts
  4 sky beasts
  An eye of draining (D:10)
  A phantom (D:4)
  A black bear (D:8)
  2 hornet zombies
  A necrophage (D:7)
  7 ogres
  3 crocodiles
  2 wolves (D:8)
  12 centaurs
  The ghost of anything the Sneak, an amateur OpAs of Makhleb (D:3)
  4 bullfrogs
  A gnoll sergeant (D:7)
  3 wyvern skeletons (D:11)
  2 scorpions
  14 killer bees
  5 wights
  5 howler monkeys
  7 crimson imps
  3 quasits
  2 jellies
  A wyvern simulacrum (D:13)
  2 hounds
  3 centaur skeletons
  11 orc wizards
  2 orc priests
  2 bullfrog skeletons
  6 iguanas
  3 worker ants
  A hound zombie (D:9)
  4 hound skeletons
  A worker ant zombie (D:11)
  5 adders
  11 gnolls
  2 howler monkey skeletons
  3 shadow imps
  An ooze (D:7)
  2 adder zombies
  An adder skeleton (D:6)
  3 worms
  2 dart slugs
  2 leopard geckos
  93 orcs
  7 giant cockroaches
  9 goblins
  4 hobgoblins
  11 jackals
  4 quokkas
  4 ball pythons
  7 bats
  3 frilled lizards
  A jackal skeleton (D:4)
  6 kobolds
  A quokka skeleton (D:5)
  A quokka zombie (D:5)
  7 rats
379 creatures vanquished.

Vanquished Creatures (others)
  A yak (D:13)
1 creature vanquished.

Grand Total: 380 creatures vanquished

Notes
Turn   | Place    | Note
-------+----------+-------------------------------------------
     0 | D:1      | Goblin1989 the Demonspawn Monk began the quest for the Orb.
     0 | D:1      | Reached XP level 1. HP: 18/18 MP: 1/1
   443 | D:1      | Gained mutation: Your flesh is cold resistant. (rC+) [demonic ancestry]
   443 | D:1      | Reached XP level 2. HP: 10/24 MP: 2/2
  1224 | D:2      | Found an iron altar of Okawaru.
  1242 | D:2      | Became a worshipper of Warmaster Okawaru
  1242 | D:2      | Reached * piety under Okawaru
  1242 | D:2      | Reached ** piety under Okawaru
  1260 | D:2      | Found a faded altar of an unknown god.
  1279 | D:2      | Reached XP level 3. HP: 23/30 MP: 3/3
  1788 | D:2      | You fall through a shaft for 2 floors!
  1788 | D:4      | Noticed Goblin1989's ghost (amateur DsAs)
  1830 | D:4      | Killed Goblin1989's ghost
  1830 | D:4      | Reached XP level 4. HP: 34/40 MP: 4/4
  1830 | D:4      | Gained mutation: You are partially covered in sharp spines. [demonic ancestry]
  1830 | D:4      | Reached XP level 5. HP: 39/46 MP: 5/5
  1916 | D:4      | Found a burning altar of Makhleb.
  1916 | D:4      | Noticed a green death
  2089 | D:4      | Noticed Eustachio
  2660 | D:3      | Noticed anything's ghost (amateur OpAs)
  2677 | D:3      | Killed anything's ghost
  2677 | D:3      | Reached skill level 1 in Invocations
  2677 | D:3      | Reached XP level 6. HP: 53/53 MP: 6/6
  2686 | D:3      | Reached skill level 1 in Armour
  3885 | D:4      | Found a shadowy altar of Dithmenos.
  3983 | D:4      | Gained mutation: You are partially covered in icy blue scales. (AC +2) [demonic ancestry]
  3983 | D:4      | Reached XP level 7. HP: 43/59 MP: 8/8
  4270 | D:5      | Entered Level 5 of the Dungeon
  4959 | D:5      | Found a shattered altar of Ashenzari.
  5038 | D:5      | Reached skill level 5 in Maces & Flails
  5038 | D:5      | Gained mutation: You have sharp fingernails. [demonic ancestry]
  5038 | D:5      | Reached XP level 8. HP: 67/67 MP: 9/9
  5119 | D:6      | Reached skill level 1 in Unarmed Combat
  5206 | D:6      | Found a shimmering altar of Xom.
  5619 | D:7      | Found a staircase to the Ecumenical Temple.
  5665 | D:7      | Noticed a hippogriff
  5681 | D:7      | Killed a hippogriff
  5681 | D:7      | Reached *** piety under Okawaru
  6657 | D:7      | Gained mutation: You have very sharp fingernails. [demonic ancestry]
  6657 | D:7      | Reached XP level 9. HP: 62/74 MP: 10/10
  6741 | D:7      | Reached skill level 5 in Dodging
  7214 | D:8      | Found a snail-covered altar of Cheibriados.
  7352 | D:8      | Got a twisted falchion
  7353 | D:8      | Identified the +5 falchion of Ashenzari's Hope {distort, MR++} (You found it on level 8 of the Dungeon)
  7367 | D:8      | Gained mutation: You are weak. (Str -2) [mutagenic glow]
  7394 | D:8      | Gained mutation: Scrolls take you a little longer to read. [mutagenic glow]
  7404 | D:8      | Reached skill level 5 in Unarmed Combat
  7405 | D:8      | Reached **** piety under Okawaru
  7774 | D:8      | Found a staircase to the Lair.
  7845 | D:8      | Noticed Grum
  8008 | D:8      | Killed Grum
  8240 | D:8      | Learned a level 1 spell: Animate Skeleton
  8244 | D:8      | Learned a level 3 spell: Regeneration
  8249 | D:8      | Learned a level 4 spell: Animate Dead
  8360 | D:8      | Found Comoit's Gadget Shop.
  8632 | D:9      | Found a staircase to the Orcish Mines.
  8807 | D:9      | Reached skill level 5 in Armour
  9048 | D:9      | Noticed a troll
  9063 | D:9      | Killed a troll
  9063 | D:9      | Gained mutation: You are immune to freezing clouds. [demonic ancestry]
  9063 | D:9      | Reached XP level 10. HP: 53/81 MP: 11/11
  9217 | D:9      | Reached ***** piety under Okawaru
  9294 | D:10     | Entered Level 10 of the Dungeon
  9693 | D:10     | Noticed a two-headed ogre
  9701 | D:10     | Killed a two-headed ogre
  9701 | D:10     | Reached skill level 5 in Invocations
  9702 | D:10     | Gained mutation: You possess an exceptional clarity of mind. [mutagenic meat]
  9703 | D:10     | Lost mutation: Scrolls take you a little longer to read. [mutagenic meat]
  9894 | D:10     | Noticed a two-headed ogre
  9902 | D:10     | Killed a two-headed ogre
 10053 | D:10     | Received a gift from Okawaru
 10275 | D:10     | Noticed a two-headed ogre
 10288 | D:10     | Killed a two-headed ogre
 10441 | D:11     | Noticed a gargoyle
 10457 | D:11     | Killed a gargoyle
 10457 | D:11     | Reached XP level 11. HP: 56/88 MP: 10/16
 10650 | D:11     | Noticed an unseen horror
 10670 | D:11     | Killed an unseen horror
 10674 | D:11     | Found a flagged portal.
 10706 | Bailey   | Entered a bailey
 11004 | Bailey   | Noticed an orc knight
 11004 | Bailey   | Noticed an orc knight
 11034 | Bailey   | Received a gift from Okawaru
 11106 | Bailey   | Killed an orc knight
 11135 | Bailey   | Noticed an orc knight
 11135 | Bailey   | Noticed an orc knight
 11141 | Bailey   | Noticed an orc knight
 11961 | D:11     | Reached skill level 1 in Shields
 12380 | D:11     | Noticed Sonja
 12957 | D:11     | Noticed Maurice
 12977 | D:11     | Killed Maurice
 12977 | D:11     | Reached skill level 10 in Fighting
 13144 | D:11     | Noticed a two-headed ogre
 13153 | D:11     | Killed a two-headed ogre
 13582 | D:12     | Noticed an unseen horror
 13608 | D:12     | Killed an unseen horror
 14375 | D:12     | Gained mutation: You are mostly covered in sharp spines. [demonic ancestry]
 14375 | D:12     | Reached XP level 12. HP: 96/96 MP: 16/18
 14574 | D:12     | Found Numypic's Gadget Emporium.
 14788 | D:12     | Got a faintly glowing trident
 14789 | D:12     | Identified the cursed +2 trident of Salt {protect, Str+3} (You found it on level 12 of the Dungeon)
 15405 | D:13     | Received a gift from Okawaru
 15405 | D:13     | Reached skill level 10 in Unarmed Combat
 15468 | D:13     | Got a jewelled flail {drain}
 15469 | D:13     | Identified the +4 flail of Jytyrphu {drain, rF+} (You took it off a spriggan on level 13 of the Dungeon)
 15493 | D:13     | Noticed a centaur warrior
 15495 | D:13     | Noticed a centaur warrior
 15513 | D:13     | Killed a centaur warrior
 15521 | D:13     | Killed a centaur warrior
 15583 | D:13     | Noticed a centaur warrior
 15605 | D:13     | Killed a centaur warrior
 15617 | D:13     | HP: 4/99 [bullfrog (1)]
 15619 | D:13     | HP: 1/99 [fire elemental[a deep elf mage] (1)]
 15624 | D:13     | HP: 2/99 [fire elemental[a deep elf mage] (10)]
 15636 | D:13     | HP: 3/99 [fire elemental[a deep elf mage] (5)]
 15642 | D:13     | Slain by a fire elemental

Vault maps used:
D:1:      lightli_arrival_flooded_house, hex_tiny
D:2:      okawaru_gym_becter, chequers_ecumenical_altar_simple
D:3:      minivault_14
D:4:      nicolae_overflow_crystal_walls, chequers_big_river,
          minmay_misc_feat_more_columns, minmay_misc_feat_encased,
          makhleb_altar_promises_db, uniq_eustachio
D:5:      basic_altar, first_bread
D:6:      basic_altar
D:7:      minmay_temple_entry_overgrown
D:8:      kennysheep_mini_moat, lair_entry_dummy, serial_shops,
          nicolae_shop_trees, lightli_minifort, uniq_grum
D:9:      orc_0_dummy
D:11:     lightli_bailey_entry_fortress, uniq_maurice, uniq_sonja
D:12:     serial_shops, nicolae_shop_window_shopping
D:13:     hangedman_cross_cluster, erik_vaults_1, trove_entry_hex_spiral,
          uniq_urug
Bailey:   bailey_polearm_5, bailey

Skill      XL: |  1  2  3  4  5  6  7  8  9 10 11 12 |
---------------+-------------------------------------+-----
Fighting       | 4 6 7 8 9 10 | 10.8
Maces & Flails | 3 5 |  5.0
Invocations    | 1 2 6 8 9 |  9.9
Armour         | 1 2 3 5 6 7 |  7.7
Dodging        | 3 4 6 7 |  7.0
Unarmed Combat | 4 6 7 9 10 | 10.4
Shields        | 2 4 |  4.3
Stealth        | |  1.7

Action                   |  1- 3 |  4- 6 |  7- 9 | 10-12 || total
-------------------------+-------+-------+-------+-------++-------
Melee: Mace              |   158 |    47 |       |       ||   205
       Flail             |       |    40 |   197 |       ||   237
       Punch             |       |     1 |     3 |     2 ||     6
       Unarmed           |       |       |   106 |   672 ||   778
 Fire: Blowgun           |       |     7 |       |       ||     7
Invok: Heroism           |     3 |     3 |     8 |    23 ||    37
       Finesse           |       |       |       |     8 ||     8
Evoke: Wand              |       |       |     3 |       ||     3
  Use: Scroll            |       |       |    13 |    13 ||    26
       Potion            |       |       |       |     5 ||     5
 Stab: Sleeping          |     2 |     3 |     3 |       ||     8
  Eat: Chunk             |     3 |     7 |     9 |    23 ||    42
       Fruit             |       |       |     7 |       ||     7
       Royal jelly       |       |       |       |     1 ||     1
Armor: Robe              |     3 |       |       |       ||     3
       Leather armour    |    53 |    13 |    37 |       ||   103
       Scale mail        |       |       |    59 |       ||    59
       Plate armour      |       |       |     5 |   455 ||   460
Dodge: Dodged            |   116 |    52 |   203 |   181 ||   552
Block: Shield            |       |       |       |   186 ||   186

Table legend:
 A = Spawn XP
 B = Non-spawn XP
 C = Spawn XP percentage of total XP
 D = Spawn monster count
 E = Non-spawn monster count
 F = Spawn count percentage of total count
 G = Total turns spent on level
                    A         B        C        D         E        F      G
               +---------+---------+-------+---------+---------+-------+---------
         Total |    2672 |   29376 |   8.3 |      43 |     337 |  11.3 | 15642
               +---------+---------+-------+---------+---------+-------+---------
           D:1 |       9 |      19 |  32.1 |       4 |      14 |  22.2 |  1131
           D:2 |       2 |      43 |   4.4 |       2 |      13 |  13.3 |   916
           D:3 |       3 |     210 |   1.4 |       2 |      23 |   8.0 |   996
           D:4 |       0 |     555 |   0.0 |       0 |      12 |   0.0 |  1227
           D:5 |     167 |     435 |  27.7 |       2 |      10 |  16.7 |   839
           D:6 |      15 |     381 |   3.8 |       5 |      16 |  23.8 |   642
           D:7 |     100 |    1249 |   7.4 |       5 |      29 |  14.7 |  1367
           D:8 |       3 |    1693 |   0.2 |       1 |      24 |   4.0 |  1479
           D:9 |       0 |    1001 |   0.0 |       0 |      10 |   0.0 |   808
          D:10 |       2 |    4746 |   0.0 |       1 |      38 |   2.6 |   979
          D:11 |    1756 |    5679 |  23.6 |      13 |      42 |  23.6 |  2717
          D:12 |     615 |    4821 |  11.3 |       8 |      34 |  19.0 |  1797
          D:13 |       0 |    7104 |   0.0 |       0 |      37 |   0.0 |   263
        Bailey |       0 |    1440 |   0.0 |       0 |      35 |   0.0 |   481
               +---------+---------+-------+---------+---------+-------+---------

Vault maps used:
D:1:      lightli_arrival_flooded_house, hex_tiny
D:2:      okawaru_gym_becter, chequers_ecumenical_altar_simple
D:3:      minivault_14
D:4:      nicolae_overflow_crystal_walls, chequers_big_river,
          minmay_misc_feat_more_columns, minmay_misc_feat_encased,
          makhleb_altar_promises_db, uniq_eustachio
D:5:      basic_altar, first_bread
D:6:      basic_altar
D:7:      minmay_temple_entry_overgrown
D:8:      kennysheep_mini_moat, lair_entry_dummy, serial_shops,
          nicolae_shop_trees, lightli_minifort, uniq_grum
D:9:      orc_0_dummy
D:11:     lightli_bailey_entry_fortress, uniq_maurice, uniq_sonja
D:12:     serial_shops, nicolae_shop_window_shopping
D:13:     hangedman_cross_cluster, erik_vaults_1, trove_entry_hex_spiral,
          uniq_urug
Bailey:   bailey_polearm_5, bailey
